 Dungeon Crawl Stone Soup version 0.31-a0-1074-g0b22e4e0f1 (webtiles) character file.

Game seed: 13597107379613130721

38 grandjackal the Conjurer (level 3, -3/20 HPs)
             Began as a Tengu Conjurer on Nov 29, 2023.
             Slain by an adder (4 damage)
             ... on level 2 of the Dungeon.
             The game lasted 00:01:30 (1075 turns).

grandjackal the Conjurer (Tengu Conjurer)           Turns: 1075, Time: 00:01:31

Health: -3/20      AC:  2    Str:  7    XL:     3   Next: 43%
Magic:  3/7        EV: 12    Int: 20    God:
Gold:   10         SH:  0    Dex: 12    Spells: 1/6 levels left

rFire   . . .        c - +0 hand axe (venom)
rCold   . . .        (no shield)
rNeg    . . .        a - +0 robe
rPois   .            (helmet restricted)
rElec   .            (no cloak)
rCorr   .            (no gloves)
SInv    .            (boots unavailable)
Will    .....        (no amulet)
Stlth   ++           (no ring)
HPRegen 0.23/turn    (no ring)
MPRegen 0.10/turn

%: acrobat
@: lethally poisoned (-3 -> -7), attractive, very slightly contaminated
A: beak, talons 3, acrobatic
a: no special abilities


You were on level 2 of the Dungeon.
You visited 1 branch of the dungeon, and saw 2 of its levels.

You collected 49 gold pieces.
You spent 39 gold pieces at shops.

Inventory:

Hand Weapons
 c - a +0 hand axe of venom (weapon)
Armour
 a - a +0 robe (worn)
Scrolls
 d - a scroll of revelation {unknown}
 e - a scroll of immolation {unknown}
 f - a scroll of teleportation
 g - a scroll of vulnerability {unknown}
 h - a scroll of identify {unknown}
 j - a scroll of blinking {unknown}
Potions
 b - a potion of magic


   Skills:
 + Level 1.3 Fighting
 - Level 2.1 Dodging
 - Level 2.0 Stealth
 + Level 2.4 Spellcasting
 + Level 5.8 Conjurations
 + Level 1.2 Air Magic


You had one spell level left.
You knew the following spells:

 Your Spells              Type           Power      Damage    Failure   Level
a - Magic Dart            Conj           100%       1d8       1%          1
b - Poisonous Vapours     Pois/Air       8%         N/A       19%         2
c - Searing Ray           Conj           50%        2d6       1%          2

Your spell library contained the following spells:

 Spells                   Type           Power      Damage    Failure   Level
 Sting                    Tmut/Pois      8%         1d3       16%         1
 Dazzling Flash           Conj/Hex       28%        N/A       14%         3
 Ensorcelled Hibernation  Hex/Ice        4%         N/A       22%         2
 Jinxbite                 Hex            4%         N/A       22%         2
 Lesser Beckoning         Tloc           4%         N/A       22%         2
 Gell's Gravitas          Tloc           2%         N/A       41%         3
 Teleport Other           Tloc           2%         N/A       41%         3
 Fulminant Prism          Conj/Hex       7%         3d7       41%         4
 Iskenderun's Mystic Bla  Conj/Tloc      14%        2d5       41%         4
 Anguish                  Hex/Necr       1%         N/A       83%         4
 Olgreb's Toxic Radiance  Pois           2%         N/A       83%         4


Dungeon Overview and Level Annotations

Branches:
Dungeon (2/15)

Altars:

Shops:
D:2 *


Innate Abilities, Weirdness & Mutations

You have a beak for a mouth.
You have claws for feet.
You can magically evade attacks while moving or waiting.


Message History

You barely miss the adder. You claw the adder, but do no damage.
Your peck misses the adder.
The adder is moderately wounded.
The adder bites you.
You are poisoned.
The adder poisons you! The adder closely misses you.
You hit the adder but do no damage.
The adder looks even sicker.
Your kick misses the adder.
The adder is moderately wounded.
You feel sick. The adder bites you. x2
You are too injured to fight recklessly!
Casting: Magic Dart (safe; 1% risk of failure)
Confirm with . or Enter, or press ? or * to list all spells.
Aiming: Poisonous Vapours (safe; 19% risk of failure)
Press: ? - help, Dir - move target, f - adder
Aim: an adder (moderately wounded, very poisoned)
You miscast Poisonous Vapours.
You are very lightly contaminated with residual magic.
Nothing appears to happen.
You feel sick. The adder barely misses you.
Unknown command.
You feel sick. The adder closely misses you.
Unknown command.
Casting: Poisonous Vapours (safe; 19% risk of failure)
Confirm with . or Enter, or press ? or * to list all spells.
Aiming: Poisonous Vapours (safe; 19% risk of failure)
Press: ? - help, Dir - move target, f/p - adder
Aim: an adder (severely wounded, very poisoned) Poisonous vapours surround the adder!
The adder looks even sicker.
You feel sick.
You are no longer poisoned.
The adder closely misses you. The adder bites you.
* * * LOW HITPOINT WARNING * * *
You are lethally poisoned!
The adder poisons you!
Unknown command.
It was a potion of attraction.
You feel attractive to monsters.
* * * LOW HITPOINT WARNING * * *
You feel sick. The adder bites you.
You die...

###.....#
..##.........#.#
#.##.........#.###
..................
#.##.........#.##.
######.############.##.
............. ...#.
#.S........ ......
#..@....... #...##>
#.#'####### #...##. #
#.# #...##. #.# #. #.#
#.# #.# #. #.# #. #.#
#.


You could see an adder (very poisoned).

Vanquished Creatures
  An adder (D:2)
  2 dart slugs (D:2)
  A bat (D:2)
  An endoplasm (D:1)
  3 giant cockroaches (D:1)
  A goblin (D:1)
  5 hobgoblins (D:1)
  A ball python (D:1)
  A frilled lizard (D:1)
  6 kobolds
  A rat (D:2)
23 creatures vanquished.

Notes
Turn   | Place    | Note
-------+----------+-------------------------------------------
     0 | D:1      | grandjackal the Tengu Conjurer began the quest for the Orb.
     0 | D:1      | Reached XP level 1. HP: 10/10 MP: 4/4
   206 | D:1      | Reached XP level 2. HP: 16/16 MP: 6/6
   224 | D:1      | Learned a level 2 spell: Poisonous Vapours
   487 | D:1      | Reached skill level 1 in Fighting
   844 | D:2      | Found Piczemeu's General Store.
   852 | D:2      | Bought a scroll of teleportation for 39 gold pieces
   870 | D:2      | Reached XP level 3. HP: 19/20 MP: 7/7
   930 | D:2      | Reached skill level 1 in Air Magic
  1004 | D:2      | Learned a level 2 spell: Searing Ray
  1075 | D:2      | HP: 1/20 [poisoned by an adder]
  1075 | D:2      | Slain by an adder

Illustrated notes

Levels and vault maps discovered:
D:1:      lightli_arrival_isolated_outpost, layout_basic,
          minmay_misc_feat_pillars
D:2:      layout_basic, serial_shops, shop

Skill      XL: |  1  2  3 |
---------------+----------+-----
Fighting       | 1 |  1.3
Air Magic      | 1 |  1.2
Dodging        | |  2.1
Stealth        | |  2.0
Spellcasting   | |  2.4
Conjurations   | |  5.8

Action                     || total
---------------------------++-------
  Melee: Hand axe          ||    34
         Kick              ||    10
         Peck              ||     8
   Cast: Magic Dart        ||    14
         Poisonous Vapours ||     1
    Use: Potion            ||     1
   Stab: Sleeping          ||     3
 Armour: Robe              ||    18
  Dodge: Dodged            ||    26

Table legend: (Time is in decaauts)
 A = Elapsed time spent in this place.
 B = Non-inter-level travel time spent in this place.
 C = Inter-level travel time spent in this place.
 D = Time resting spent in this place.
 E = Time spent auto-exploring this place.
 F = Levels seen in this place.
 G = Mean time per level.
                   A        B        C        D        E       F      G
               +--------+--------+--------+--------+--------+-----+--------+
         Total |   1091 |   1072 |     19 |     83 |    828 |   2 |  545.5 |
       Dungeon |   1091 |   1072 |     19 |     83 |    828 |   2 |  545.5 |
               +--------+--------+--------+--------+--------+-----+--------+

Top non-repeatable levels by time:
     D:1: 757 daAuts
     D:2: 333 daAuts
